 Dungeon Crawl Stone Soup version 0.24.0-1-gfbc8707 (webtiles) character file.

Game seed: 12532797033636134254, levelgen mode: deterministic

119 Fang the Skirmisher (level 4, -1/55 HPs)
             Began as a Demonspawn Berserker on Oct 31, 2019.
             Was a Believer of Trog.
             Slain by a gnoll
             ... wielding a +0 halberd
              (12 damage)
             ... on level 2 of the Dungeon.
             The game lasted 00:01:47 (2034 turns).

Fang the Skirmisher (Demonspawn Berserker)          Turns: 2034, Time: 00:01:48

Health: -1/55      AC:  3    Str: 24    XL:     4   Next: 74%
Magic:  4/4        EV: 12    Int:  8    God:    Trog [**....]
Gold:   77         SH:  0    Dex: 12    Spells: 3/3 levels left

rFire    . . .     SeeInvis .   a - +0 hand axe
rCold    . . .     Gourm    .   (no shield)
rNeg     . . .     Faith    .   b - +0 animal skin
rPois    .         Spirit   .   (no helmet)
rElec    .         Reflect  .   (no cloak)
rCorr    .         Harm     .   l - +0 pair of gloves (curse)
MR       .....                  (no boots)
Stlth    ..........             (no amulet)
HPRegen  0.18/turn              (no ring)
MPRegen  0.09/turn              (no ring)

@: berserking, very quick
A: talons 1, demonic guardian 2
a: Berserk, Trog's Hand, Renounce Religion


You were on level 2 of the Dungeon.
You worshipped Trog.
Trog was pleased with you.
You were near starving.

You visited 1 branch of the dungeon, and saw 2 of its levels.

You collected 77 gold pieces.

Inventory:

Hand Weapons
 a - a +0 hand axe (weapon)
Armour
 b - a +0 animal skin (worn)
 l - a cursed +0 pair of gloves (worn)
Jewellery
 e - an uncursed ring of positive energy {unknown}
Wands
 m - a wand of enslavement (13)
Scrolls
 d - a scroll of teleportation {unknown}
 f - a scroll of immolation {unknown}
 g - 2 scrolls of identify {unknown}
 h - a scroll of enchant armour {unknown}
 i - a scroll of enchant weapon {unknown}
 k - a scroll of blinking {unknown}
 n - a scroll of noise {unknown}
 o - a scroll of remove curse {unknown}
Potions
 j - 2 potions of haste {unknown}
Comestibles
 c - 2 rations


   Skills:
 * Level 3.9 Fighting
 * Level 3.4 Axes
 + Level 2.6 Armour
 + Level 2.5 Dodging


You had 3 spell levels left.
You didn't know any spells.
Your spell library was empty.

Dungeon Overview and Level Annotations

Branches:
Dungeon (2/15)

Altars:
Ashenzari
Nemelex Xobeh


Innate Abilities, Weirdness & Mutations

You have sharp toenails.
A demonic guardian rushes to your aid.


Message History

You are too injured to fight recklessly!
You are too injured to fight recklessly!
You are too injured to fight recklessly!
You are too injured to fight recklessly!
You are too injured to fight recklessly!
You are too injured to fight recklessly!
A red film seems to cover your vision as you go berserk!
You feel yourself moving faster!
You feel mighty!
You are near starving!
The gnoll barely misses you. The gnoll hits you with a +0 club.
You barely miss the gnoll.
The gnoll is lightly wounded.
The gnoll hits you from afar with a +0 halberd!
* * * LOW HITPOINT WARNING * * *
You slash the gnoll!
You feel the power of Trog in you as your rage grows.
You kill the gnoll!
Trog accepts your kill. The gnoll hits you with a +0 halberd!
You die...

......(.......# #.....).#
.###########..#######.####
###.......##...##
#..♣♣♣♣♣♣.......## ##.♣
♣........## #..♣♣
♣.........# #...♣
♣♣........##
#...♣♣♣♣♣........##
#..@............##
#.g.#............#
.......#..##....###.#
#.###...##.#.......#.#
##..#..#.......#.#
#..#..#.......#.#
#........<......#
.....#..#.........#
..#...............#


You could see a gnoll.

Vanquished Creatures
  Natasha (D:2)
  2 gnolls (D:2)
  An ooze (D:1)
  A worm (D:2)
  A dart slug (D:1)
  A ball python (D:1)
  5 bats
  6 giant cockroaches
  7 goblins
  4 hobgoblins
  4 jackals (D:2)
  6 kobolds
  A quokka (D:2)
  3 frilled lizards (D:1)
  3 rats
46 creatures vanquished.

Vanquished Creatures (collateral kills)
  Natasha (D:2)
1 creature vanquished.

Grand Total: 47 creatures vanquished

Notes
Turn   | Place    | Note
-------+----------+-------------------------------------------
     0 | D:1      | Fang the Demonspawn Berserker began the quest for the Orb.
     0 | D:1      | Reached XP level 1. HP: 18/18 MP: 1/1
   213 | D:1      | Gained mutation: A weak demonic guardian rushes to your
                  | aid. [demonic ancestry]
   213 | D:1      | Reached XP level 2. HP: 22/24 MP: 2/2
   616 | D:1      | Gained mutation: You have sharp toenails. [demonic
                  | ancestry]
   616 | D:1      | Reached XP level 3. HP: 22/29 MP: 3/3
   979 | D:1      | Reached ** piety under Trog
  1248 | D:2      | Found a sparkling altar of Nemelex Xobeh.
  1256 | D:2      | Found a shattered altar of Ashenzari.
  1269 | D:2      | Noticed Natasha
  1276 | D:2      | Killed Natasha
  1276 | D:2      | Gained mutation: A demonic guardian rushes to your aid.
                  | [demonic ancestry]
  1276 | D:2      | Reached XP level 4. HP: 23/36 MP: 4/4
  1665 | D:2      | Noticed Natasha
  1673 | D:2      | Killed Natasha
  2034 | D:2      | Slain by a gnoll

Levels and vault maps discovered:
D:1:      dpeg_arrival_prison, layout_loops_cross
D:2:      layout_loops_ring, ashenzari_altar_1, grunt_gozag_statues,
          nrook_campfire, grunt_decor_one_mirror, grunt_ministairs_9,
          nemelex_diamond_rough_becter, uniq_natasha

Skill      XL: |  1  2 |
---------------+-------+-----
Armour         | 2 |  2.6
Dodging        | 2 |  2.5
Axes           | 3 |  3.4
Fighting       | |  3.9

Action                   |  1- 3 |  4- 6 || total
-------------------------+-------+-------++-------
Melee: Hand axe          |    99 |    34 ||   133
       Kick              |     8 |    10 ||    18
Invok: Berserk           |     1 |     1 ||     2
 Stab: Sleeping          |     4 |       ||     4
  Eat: Chunk             |     1 |     3 ||     4
Armor: Animal skin       |    19 |     6 ||    25
Dodge: Dodged            |    76 |    33 ||   109
